 Dungeon Crawl Stone Soup version 0.31-a0-1-g4198be8af4 (webtiles) character file.

Game seed: 12003689944403341535

49 Hubris850 the Magician (level 4, 0/31 HPs)
             Began as a Djinni Fire Elementalist on May 2, 2023.
             Slain by a sleepcap (2 damage)
             ... on level 3 of the Dungeon.
             The game lasted 00:03:40 (1708 turns).

Hubris850 the Magician (Djinni Fire Elementalist)   Turns: 1708, Time: 00:03:41

Health: 0/31       AC:  2    Str:  7    XL:     4   Next: 1%
Gold:   171        EV: 12    Int: 19    God:
                   SH:  0    Dex: 13

rFire   + + .        k - +2 dagger (elec)
rCold   x . .        (no shield)
rNeg    . . .        a - +0 robe
rPois   ∞            (no helmet)
rElec   .            (no cloak)
rCorr   +            (no gloves)
SInv    .            (boots unavailable)
Will    .....        (no amulet)
Stlth   ++           r - ring of resist corrosion
HPRegen 0.25/turn    (no ring)
MPRegen 0.00/turn

%: infuse magic (-1 HP)
@: flying
A: sickness immunity, fire resistance 2, cold vulnerability 1, float, innate
caster, HP casting, extra vitality 1
a: no special abilities


You were on level 3 of the Dungeon.
You visited 1 branch of the dungeon, and saw 3 of its levels.

You collected 171 gold pieces.

Inventory:

Hand Weapons
 i - a +0 dagger
 k - a +2 dagger of electrocution (weapon)
Armour
 a - a +0 robe (worn)
 d - a +2 ring mail of cold resistance
 p - a +0 kite shield
Jewellery
 r - a ring of resist corrosion (left hand)
Scrolls
 b - 2 scrolls of teleportation {unknown}
 f - 3 scrolls of poison {unknown}
 j - a scroll of vulnerability {unknown}
 m - a scroll of silence {unknown}
 n - a scroll of blinking {unknown}
 o - a scroll of magic mapping {unknown}
Potions
 c - 2 potions of heal wounds {unknown}
 e - 2 potions of might {unknown}
 g - a potion of berserk rage {unknown}
 h - 3 potions of curing {unknown}
 l - 2 potions of ambrosia {unknown}
 q - a potion of magic {unknown}


   Skills:
 + Level 0.7 Short Blades
 - Level 2.1 Dodging
 - Level 1.5 Stealth
 + Level 3.4 Spellcasting


You knew the following spells:

 Your Spells              Type           Power      Damage    Failure   Level
a - Foxfire               Conj/Fire      64%        2x1d7     3%          1
b - Scorch                Fire           32%        2d6       5%          2
c - Volatile Blastmotes   Fire/Tloc      32%        2d12      11%         3
d - Inner Flame           Hex/Fire       16%        N/A       11%         3
e - Flame Wave            Conj/Fire      16%        2d7       34%         4
f - Summon Small Mammal   Summ           64%        N/A       3%          1
Your spell library was empty.

Dungeon Overview and Level Annotations

Branches:
Dungeon (3/15)

Altars:

Shops:
D:2 (


Innate Abilities, Weirdness & Mutations

You are immune to sickness and miasma.
You are immune to poison.
Your flesh is very heat resistant. (rF++)
You are vulnerable to cold. (rC-)
You float through the air rather than walking.
You learn spells naturally, not from books.
Your magical power is your life essence.
You have superior vitality. (+4 MHP)


Message History

You hit the bat but do no damage. The bat hits you but does no damage.
The bat barely misses you. The bat hits you but does no damage.
You closely miss the bat. The bat barely misses you.
You barely miss the bat. The bat hits you.
* * * LOW HITPOINT WARNING * * *
The bat completely misses you.
You barely miss the bat. You punch the bat.
The bat is moderately wounded.
The bat hits you but does no damage.
You miss the bat.
The bat is moderately wounded.
The bat closely misses you.
You closely miss the bat. The bat closely misses you.
You hit the bat.
You kill the bat!
You have reached level 4!
You feel clever.
You hit the sleepcap but do no damage.
The sleepcap is lightly damaged.
The sleepcap releases spores at you.
* * * LOW HITPOINT WARNING * * *
You hit the sleepcap but do no damage.
You punch the sleepcap, but do no damage.
The sleepcap is lightly damaged.
The sleepcap closely misses you.
You hit the sleepcap.
The sleepcap is lightly damaged.
The sleepcap releases spores at you.
* * * LOW HITPOINT WARNING * * *
You hit the sleepcap.
The sleepcap is moderately damaged.
The sleepcap releases spores at you.
* * * LOW HITPOINT WARNING * * *
You hit the sleepcap.
The sleepcap is moderately damaged.
The sleepcap releases spores at you but does no damage.
You hit the sleepcap but do no damage.
The sleepcap is moderately damaged.
The sleepcap releases spores at you.
You die...

...............
............... .
............... ..
b....K.......
.............# #...
#.....!######. .....
#####.........#...
......####..............
.......@fl..............
.......##K.......^......
....... #...............
.......###..............
........................
.......##.......<.......
....... #...............
....... #..........##...
##...).##### #


You could see a sleepcap, a kobold and a frilled lizard.

Vanquished Creatures
  A worm (D:3)
  2 dart slugs
  3 ball pythons (D:1)
  4 bats
  3 endoplasms (D:1)
  5 hobgoblins
  2 jackals (D:1)
  A kobold (D:1)
  3 quokkas (D:1)
  5 frilled lizards (D:1)
  5 goblins
  4 rats
38 creatures vanquished.

Vanquished Creatures (others)
  63 foxfires
63 creatures vanquished.

Grand Total: 101 creatures vanquished

Notes
Turn   | Place    | Note
-------+----------+-------------------------------------------
     0 | D:1      | Hubris850 the Djinni Fire Elementalist began the quest for
                  | the Orb.
     0 | D:1      | Hubris850 set off with the following spells memorised:
                  | Foxfire, Scorch, Volatile Blastmotes, Inner Flame, Flame
                  | Wave.
     0 | D:1      | Reached XP level 1. HP: 15/15 MP: 0/0
   165 | D:1      | Reached XP level 2. HP: 20/21 MP: 0/0
   239 | D:1      | Reached skill level 3 in Spellcasting
   272 | D:1      | Reached XP level 3. HP: 19/25 MP: 0/0
   272 | D:1      | Learned a level 1 spell: Summon Small Mammal
  1514 | D:2      | Found Mifapt's Weapon Shoppe.
  1703 | D:3      | Reached XP level 4. HP: 8/31 MP: 0/0
  1708 | D:3      | Slain by a sleepcap

Illustrated notes

Levels and vault maps discovered:
D:1:      sevenhm_arrival_forest_fort_large_4, layout_basic, hex_tiny
D:2:      layout_basic, serial_shops, nicolae_shop_tiny_glass, serial_curves,
          eino_curves_04, eino_curves_02, eino_curves_03, minmay_pentomino_q2
D:3:      layout_rooms, mainiacjoe_overflow_brackets,
          nicolae_tso_besieged_by_evil, serial_corexii_hall,
          chequers_hall_statues_y, corexii_hall_statues_t,
          corexii_hall_statues_u, kennysheep_generic_room_16

Skill      XL: |  1  2 |
---------------+-------+-----
Spellcasting   | 3 |  3.4
Short Blades   | |  0.7
Dodging        | |  2.1
Stealth        | |  1.5

Action                     |  1- 3 |  4- 6 || total
---------------------------+-------+-------++-------
  Melee: Unarmed           |     1 |       ||     1
         Dagger            |    41 |     6 ||    47
         Punch             |     2 |     1 ||     3
   Cast: Foxfire           |    35 |       ||    35
   Stab: Sleeping          |     1 |       ||     1
 Armour: Robe              |    18 |     1 ||    19
  Dodge: Dodged            |    28 |     1 ||    29

Table legend: (Time is in decaauts)
 A = Elapsed time spent in this place.
 B = Non-inter-level travel time spent in this place.
 C = Inter-level travel time spent in this place.
 D = Time resting spent in this place.
 E = Time spent auto-exploring this place.
 F = Levels seen in this place.
 G = Mean time per level.
                   A        B        C        D        E       F      G
               +--------+--------+--------+--------+--------+-----+--------+
         Total |   1705 |   1650 |     55 |      0 |   1408 |   3 |  568.3 |
       Dungeon |   1705 |   1650 |     55 |      0 |   1408 |   3 |  568.3 |
               +--------+--------+--------+--------+--------+-----+--------+

Top non-repeatable levels by time:
     D:2: 880 daAuts
     D:1: 761 daAuts
     D:3: 63 daAuts
